 Dungeon Crawl Stone Soup version 0.22-a0-601-gb0ed703 (webtiles) character file.

37 Mamutox the Skirmisher (level 3, -9/30 HPs)
             Began as a Demonspawn Chaos Knight on July 6, 2018.
             Mangled by Sigmund
             ... wielding a +0 scythe
              (19 damage)
             ... on level 2 of the Dungeon.
             The game lasted 00:06:02 (1425 turns).

Mamutox the Skirmisher (Demonspawn Chaos Knight)    Turns: 1425, Time: 00:06:04

Health: -9/30      AC:  7    Str: 12    XL:     3   Next: 21%
Magic:  3/3        EV: 11    Int: 13    God:    Xom [*.....]
Gold:   101        SH:  0    Dex: 13    Spells: 2/2 levels left

rFire    + . .     SeeInvis .   a - +0 hand axe (chaos)
rCold    . . .     Gourm    .   (no shield)
rNeg     . . .     Faith    .   b - +2 leather armour
rPois    .         Spirit   .   (helmet restricted)
rElec    .         Reflect  .   j - +0 cloak
rCorr    .         Harm     .   (no gloves)
MR       .....                  r - +0 pair of boots
Stlth    +.........             (no amulet)
HPRegen  0.10/turn              (no ring)
MPRegen  0.08/turn              (no ring)

@: cleaving
A: antennae 1, fire resistance 1
a: Renounce Religion


You were on level 2 of the Dungeon.
You worshipped Xom.
You were a special plaything of Xom.
You were hungry.

You visited 1 branch of the dungeon, and saw 2 of its levels.

You collected 101 gold pieces.

Inventory:

Hand Weapons
 a - a +0 hand axe of chaos (weapon)
Missiles
 g - 37 stones (quivered)
 m - 11 poisoned needles
Armour
 b - a +2 leather armour (worn)
 j - a +0 cloak (worn)
 r - a +0 pair of boots (worn)
Jewellery
 l - a +3 ring of dexterity {unknown}
 o - a +5 ring of intelligence {unknown}
Scrolls
 f - 2 scrolls of random uselessness {unknown}
 i - a scroll of immolation {unknown}
 q - a scroll of enchant weapon {unknown}
Potions
 d - a potion of curing
 h - a potion of brilliance {unknown}
 k - a potion of agility {unknown}
 p - a potion of might {unknown}
Comestibles
 c - a ration
 n - 2 chunks of flesh


   Skills:
 + Level 3.6 Fighting
 + Level 3.3 Axes
 + Level 2.0 Armour
 + Level 0.9 Dodging


You had 2 spell levels left.
You didn't know any spells.
Your spell library was empty.

Dungeon Overview and Level Annotations

Branches:
Dungeon (2/15)

Altars:
The Shining One

Annotations:
D:2 Sigmund


Innate Abilities, Weirdness & Mutations

You have a pair of small antennae on your head.
Your flesh is heat resistant. (rF+)


Message History

Sigmund misses you.
You swap places.
Sigmund is no longer moving slowly.
Sigmund barely misses you.
You hit Sigmund.
Sigmund goes berserk!
Sigmund is almost dead.
Sigmund misses you.
You closely miss Sigmund.
Sigmund is almost dead.
Sigmund closely misses you.
You barely miss Sigmund.
Sigmund is almost dead.
Sigmund barely misses you.
You closely miss Sigmund.
Sigmund is almost dead.
Xom grants you a minor favour.
Your +0 hand axe of chaos looks sharp (like it always does).
Sigmund hits you with a scythe!!
Ouch! That really hurt!
You die...
Xom titters!

.....### #........# #....#
...### #..>.....# #..).##
...#######........# #..)..#
..................# #...#..#
...#......##.###### #...##..#
####......#..# ######...###.#.#
#.........###<.............#
#............§.§...b......##
##..÷...######@§............#
#..##.### #§@.b......#.#..
#.##..# #..............#
##.##.### #.....b....#....
##<.......######.######.###...#
..........##@....######.# #.#
##...........###.....##.. ..
#.....>...#####.....# #.#
#.####.##...{@......###.##


You could see Sigmund (berserk).

Vanquished Creatures
  A dart slug (D:1)
  3 giant cockroaches
  4 goblins
  3 hobgoblins (D:1)
  4 jackals (D:1)
  6 kobolds
  A quokka (D:2)
  3 bats (D:1)
  A frilled lizard (D:1)
  4 rats
30 creatures vanquished.

Notes
Turn   | Place    | Note
-------+----------+-------------------------------------------
     0 | D:1      | Mamutox the Demonspawn Chaos Knight began the quest for the Orb.
     0 | D:1      | Reached XP level 1. HP: 18/18 MP: 1/1
   121 | D:1      | XOM: divination: detect items
   376 | D:1      | Gained mutation: You have a pair of small antennae on your head. [demonic ancestry]
   376 | D:1      | Reached XP level 2. HP: 23/24 MP: 2/2
   523 | D:1      | XOM: potion effect (brilliance)
   787 | D:1      | XOM: smoke on damage
  1095 | D:1      | XOM: harmless Conj miscast
  1116 | D:1      | XOM: silly message
  1120 | D:1      | Gained mutation: Your flesh is heat resistant. (rF+) [demonic ancestry]
  1120 | D:1      | Reached XP level 3. HP: 29/29 MP: 3/3
  1259 | D:2      | Found a glowing golden altar of the Shining One.
  1380 | D:2      | Noticed Sigmund
  1384 | D:2      | XOM: divination: detect creatures
  1388 | D:2      | XOM: potion effect (curing)
  1413 | D:2      | XOM: mild Necr miscast
  1417 | D:2      | XOM: butterfly on damage
  1417 | D:2      | XOM: smoke on damage
  1425 | D:2      | XOM: cleaving
  1425 | D:2      | Mangled by Sigmund

Vault maps used:
D:1:      ncdulo_smallfort, st_stairs_14
D:2:      tso_altar, uniq_sigmund

Skill      XL: |  1  2  3 |
---------------+----------+-----
Axes           | 3 |  3.3
Armour         | 2 |  2.0
Fighting       | |  3.6
Dodging        | |  0.9

Action                   || total
-------------------------++-------
Melee: Hand axe          ||    97
  Use: Potion            ||     2
  Eat: Chunk             ||     1
Armor: Leather armour    ||    33
Dodge: Dodged            ||    65

Table legend:
 A = Spawn XP
 B = Non-spawn XP
 C = Spawn XP percentage of total XP
 D = Spawn monster count
 E = Non-spawn monster count
 F = Spawn count percentage of total count
 G = Total turns spent on level
                    A         B        C        D         E        F      G
               +---------+---------+-------+---------+---------+-------+---------
         Total |       0 |      53 |   0.0 |       0 |      30 |   0.0 |  1425
               +---------+---------+-------+---------+---------+-------+---------
           D:1 |       0 |      42 |   0.0 |       0 |      24 |   0.0 |  1229
           D:2 |       0 |      11 |   0.0 |       0 |       6 |   0.0 |   196
               +---------+---------+-------+---------+---------+-------+---------
